 Dungeon Crawl Stone Soup version 0.23.2-33-g5129a83184 (webtiles) character file.

Game seed: 10278952503003691980

38139 Revguard the Covert (level 13, -3/106 HPs)
             Began as a Demonspawn Gladiator on June 28, 2019.
             Was an Elder of Dithmenos.
             Killed from afar by a hell hound (11 damage)
             ... with a blast of flame
             ... on level 3 of the Abyss.
             The game lasted 01:22:50 (16375 turns).

Revguard the Covert (Demonspawn Gladiator)         Turns: 16375, Time: 01:22:51

Health: -3/106     AC: 14    Str: 15    XL:     13   Next: 62%
Magic:  16/20      EV: 18    Int: 10    God:    Dithmenos [****..]
Gold:   838        SH:  0    Dex: 24    Spells: 12/12 levels left

rFire    . . .     SeeInvis +   v - +2 rapier (pierce)
rCold    + . .     Gourm    .   (no shield)
rNeg     + + +     Faith    .   O - +2 steam dragon scales
rPois    ∞         Spirit   .   (helmet restricted)
rElec    .         Reflect  .   y - +0 cloak
rCorr    .         Harm     .   I - +2 pair of gloves
MR       +++++                  (boots unavailable)
Stlth    ++++++++++             (no amulet)
HPRegen  0.27/turn              S - +5 ring of dexterity
MPRegen  0.17/turn              r - ring of stealth

@: shadow-form (expiring), wreathed by umbra, studying Polearms, lightly
drained, invisible (expiring)
A: beak, talons 3, yellow scales 1, see invisible, cold resistance 1, demonic
guardian 2, nightstalker 1, robust 1
a: End Transformation, Shadow Step, Renounce Religion


You were on level 3 of the Abyss.
You worshipped Dithmenos.
Dithmenos was greatly pleased with you.
You were near starving.
You were a swirling mass of dark shadows.
You visited 2 branches of the dungeon, and saw 16 of its levels.
You visited the Abyss 1 time.
You also visited: Sewer.

You collected 868 gold pieces.
You spent 30 gold pieces at shops.

Inventory:

Hand Weapons
 b - a +4 dagger
 c - a +3 blowgun
 v - a +2 rapier of piercing (weapon)
Missiles
 d - 5 throwing nets (quivered)
 D - 48 poisoned needles
 F - a needle of paralysis
 J - 11 curare-tipped needles
 V - 6 needles of sleeping
Armour
 w - a +2 leather armour of cold resistance
 y - a +0 cloak (worn)
 G - a +0 troll leather armour
 I - a +2 pair of gloves (worn)
 O - +2 steam dragon scales (worn)
Jewellery
 a - an uncursed ring of protection from fire
 i - a +6 ring of strength
 r - a ring of stealth (right hand)
 t - an uncursed ring of fire
 z - an uncursed ring of ice
 B - an uncursed ring of protection from fire
 H - a +5 ring of dexterity
 N - an uncursed ring of ice
 S - a +5 ring of dexterity (left hand)
 U - a cursed -2 ring of protection {unknown}
 W - an uncursed ring of protection from fire
Wands
 j - a wand of flame (32)
 x - a wand of random effects (21)
 P - a wand of paralysis (3)
 R - a wand of polymorph (16)
Scrolls
 m - 2 scrolls of fear
 n - 5 scrolls of amnesia
 o - 8 scrolls of remove curse
 q - a scroll of acquirement
 A - 4 scrolls of magic mapping
 C - 2 scrolls of fog
 E - 7 scrolls of teleportation
 K - a scroll of enchant weapon
 T - a scroll of holy word {unknown}
 X - a scroll of enchant armour
 Y - a scroll of vulnerability {unknown}
Potions
 e - 4 potions of cancellation
 g - a potion of curing
 h - 2 potions of mutation
 l - a potion of magic
 p - 2 potions of haste
 s - 2 potions of might
 u - 3 potions of flight
 L - 2 potions of brilliance
 Q - a potion of lignification
Books
 M - a manual of Polearms
Miscellaneous
 k - a phial of floods (inert)
Comestibles
 f - 30 rations


   Skills:
 + Level 7.6(7.2) Fighting
 * Level 10.0(10.2) Short Blades
   Level 6.2(8.5) Long Blades
 * Level 6.6(6.2) Throwing
 + Level 4.9(4.5) Armour
 + Level 7.2(6.8) Dodging
 * Level 13.0(12.5) Stealth
 * Level 9.8(9.4) Invocations
 - Level 0.3(0.0) Evocations


You had 12 spell levels left.
You didn't know any spells.
Your spell library contained the following spells:

 Spells                   Type           Power        Failure   Level  Hunger
 Beastly Appendage        Tmut           #.....       36%         1    ##.....
 Corona                   Hex            #......      36%         1    ##.....
 Infusion                 Chrm           #...         36%         1    ##.....
 Sting                    Conj/Pois      #...         36%         1    ##.....
 Poisonous Vapours        Pois/Air       #.....       50%         2    ###....
 Shroud of Golubria       Chrm/Tloc      #.........   50%         2    ###....
 Slow                     Hex            #.......     50%         2    ###....
 Song of Slaying          Chrm           #.......     50%         2    ###....
 Sticks to Snakes         Tmut           #.......     50%         2    ###....
 Inner Flame              Hex/Fire       #.......     75%         3    ####...
 Mephitic Cloud           Conj/Pois/Air  #.......     75%         3    ####...
 Portal Projectile        Hex/Tloc       #.....       75%         3    ####...
 Recall                   Summ/Tloc      N/A          75%         3    ####...
 Regeneration             Chrm/Necr      #.........   75%         3    ####...
 Spectral Weapon          Hex/Chrm       #.......     75%         3    ####...
 Spider Form              Tmut/Pois      #.........   75%         3    ####...
 Animate Dead             Necr           N/A          98%         4    #####..
 Cause Fear               Hex            #.........   98%         4    #####..
 Ice Form                 Ice/Tmut       #.......     98%         4    #####..
 Leda's Liquefaction      Hex/Erth       #.........   98%         4    #####..
 Olgreb's Toxic Radiance  Pois           #.......     98%         4    #####..
 Blade Hands              Tmut           #.........   100%        5    ######.
 Borgnjor's Vile Clutch   Necr/Erth      #.........   100%        5    ######.
 Venom Bolt               Conj/Pois      #.........   100%        5    ######.
 Death Channel            Necr           #.........   100%        6    #######
 Simulacrum               Ice/Necr       #.........   100%        6    #######


Dungeon Overview and Level Annotations

Branches:
Dungeon (15/15)            Temple (1/1) D:6            Lair (0/6) D:9
    Orc (0/2) D:12         Vaults (0/5) D:14
 Depths: D:15

Altars:
Ashenzari
Cheibriados
Dithmenos
Elyvilon
Fedhas
Gozag
Hepliaklqana
Kikubaaqudgha
Makhleb
Nemelex Xobeh
Okawaru
Qazlal
Ru
Sif Muna
Trog
Uskayaw
Vehumet
Wu Jian
Xom
Yredelemnul
Zin
The Shining One
Beogh

Shops:
D:10 *   D:12 [   D:14 *


Innate Abilities, Weirdness & Mutations

You have claws for feet.
You are partially covered in yellow scales. (AC +2)
A demonic guardian rushes to your aid.
You are slightly more attuned to the shadows.
You are robust. (+10% HP)
You have a beak for a mouth.
You have supernaturally acute eyesight. (SInv)
Your flesh is cold resistant. (rC+)


Message History

Your transformation is almost over.
The hell hound misses you.
Found a ration.
The hell hound barely misses you.
Your orange demon stings the hell hound but does no damage. 2 very ugly things come into view.
The hell hound closely misses you.
Your orange demon closely misses the hell hound.
Your orange demon hits the hell hound but does no damage.
Unknown command.
A brown very ugly thing comes into view.
The hell hound barely misses your orange demon.
An orb of energy appears from out of your range of vision.
The orb of energy hits your soul eater!
The brown very ugly thing moves out of view.
Your orange demon stings the hell hound.
Your orange demon closely misses the hell hound.
The hell hound breathes flames at you. The blast of flame hits you!!
You die...

###w ##§###
.#5#│.. #§# .#
─.#.#.# . 4(#.
#.# 5X##.. .## #
.##..###.###
#.3.§#§##....####
#. §#§ §..#
.#h.## #.# §§
###..43##W#
##.####.
#..u.#.## ##
#....#.....#
##.##.#..#..
.#...##.... ...#
..##* #. #..
.#...... ##. # .
%.


You could see a wretched star and a hell hound.

Vanquished Creatures
  A vault guard (D:14)
  2 hydras
  4 centaur warriors
  2 two-headed ogres
  2 deep elf knights (D:10)
  Sonja (D:12)
  Nergalle (D:12)
  3 unseen horrors
  2 wizards
  An orc knight (D:13)
  An ugly thing (D:13)
  A deep elf mage (D:14)
  A large abomination (Abyss:3)
  3 manticores
  2 cyclopes
  A centaur zombie (D:14)
  Joseph (D:7)
  A gargoyle (D:13)
  A komodo dragon (D:13)
  A merfolk (D:11)
  A queen bee (D:10)
  3 trolls
  Prince Ribbit (D:9)
  3 hippogriffs
  5 slime creatures
  A shadow (D:11)
  A wraith (D:13)
  Eustachio (D:5)
  6 yaks
  A wyvern (D:11)
  7 humans (D:14)
  2 vampire mosquitoes (D:14)
  Menkaure (D:5)
  An acid dragon (D:11)
  A water moccasin (D:14)
  A hell hound (Abyss:3)
  A hornet zombie (D:11)
  14 orc warriors
  5 sky beasts
  2 black bears
  2 phantoms
  2 ice beasts
  6 ogres
  A necrophage (D:9)
  2 wolves (D:9)
  2 crocodiles
  17 centaurs
  4 big kobolds
  11 bullfrogs
  2 wyvern zombies
  A wyvern skeleton (D:11)
  2 scorpions
  30 killer bees
  3 wights (D:10)
  3 howler monkeys (D:10)
  An electric eel (D:9)
  A bullfrog zombie (D:9)
  7 crimson imps
  11 hounds
  A quasit (Abyss:3)
  5 jellies
  9 orc priests
  Crazy Yiuf (D:5)
  A centaur skeleton (D:11)
  3 bullfrog skeletons
  15 orc wizards
  5 iguanas
  Natasha (thrice) (D:3)
  10 worker ants
  2 hound zombies
  A hound skeleton (D:4)
  A howler monkey zombie (D:8)
  2 worker ant zombies
  15 adders
  2 shadow imps
  A white imp (Abyss:3)
  An ooze (D:2)
  4 worms
  2 dart slugs (D:1)
  3 leopard geckos
  62 orcs
  7 giant cockroaches
  8 goblins
  4 hobgoblins
  14 jackals
  22 kobolds
  4 quokkas
  4 ball pythons
  8 bats
  3 frilled lizards
  A quokka skeleton (D:9)
  6 rats
428 creatures vanquished.

Vanquished Creatures (collateral kills)
  A lich (Abyss:3)
  Frances (D:12)
  A vault guard (D:14)
  A death knight (D:11)
  3 two-headed ogres
  Pikel (D:7)
  An orc knight (D:10)
  2 ugly things (D:11)
  A worldbinder (Abyss:3)
  2 cyclopes (D:11)
  A centaur zombie (D:14)
  A centaur skeleton (D:14)
  An orange demon (Abyss:3)
  4 slime creatures
  A hornet (D:11)
  10 yaks
  3 humans (D:14)
  4 vampire mosquitoes (D:11)
  2 hell hounds (Abyss:3)
  2 sky beasts
  A slave (D:7)
  8 orc warriors
  A wolf (D:9)
  A centaur (D:11)
  An ogre (D:4)
  2 bullfrogs
  An electric eel (D:9)
  6 crimson imps
  A hound (D:9)
  3 orc priests
  4 orc wizards
  A worker ant (D:11)
  An adder (D:11)
  A shadow imp (D:9)
  A white imp (Abyss:3)
  20 orcs
  A kobold (D:11)
97 creatures vanquished.

Vanquished Creatures (others)
  A large abomination (Abyss:3)
  A wizard (Abyss:3)
  A small abomination (Abyss:3)
  A slave (D:7)
  2 starspawn tentacles (Abyss:3)
6 creatures vanquished.

Grand Total: 531 creatures vanquished

Notes
Turn   | Place    | Note
-------+----------+-------------------------------------------
     0 | D:1      | Revguard the Demonspawn Gladiator began the quest for the
                  | Orb.
     0 | D:1      | Reached XP level 1. HP: 16/16 MP: 1/1
   156 | D:1      | Gained mutation: You are slightly more attuned to the
                  | shadows. [demonic ancestry]
   156 | D:1      | Reached XP level 2. HP: 22/22 MP: 2/2
   569 | D:1      | Gained mutation: You have a beak for a mouth. [potion of
                  | mutation]
   569 | D:1      | Gained mutation: Your flesh is cold resistant. (rC+)
                  | [potion of mutation]
   569 | D:1      | Gained mutation: You have supernaturally acute eyesight.
                  | (SInv) [potion of mutation]
   569 | D:1      | Gained mutation: You are robust. (+10% HP) [potion of
                  | mutation]
  1079 | D:2      | Gained mutation: You have sharp toenails. [demonic
                  | ancestry]
  1079 | D:2      | Reached XP level 3. HP: 20/29 MP: 3/3
  1338 | D:2      | Reached skill level 1 in Stealth
  1561 | D:2      | Gained mutation: You have razor-sharp toenails. [demonic
                  | ancestry]
  1561 | D:2      | Reached XP level 4. HP: 29/37 MP: 4/4
  1745 | D:3      | Noticed an ogre
  1766 | D:3      | Killed an ogre
  1766 | D:3      | Reached skill level 1 in Armour
  1766 | D:3      | Gained mutation: A weak demonic guardian rushes to your
                  | aid. [demonic ancestry]
  1766 | D:3      | Reached XP level 5. HP: 34/42 MP: 5/5
  1800 | D:3      | Reached skill level 2 in Stealth
  1914 | D:3      | Found a glowing drain.
  1945 | Sewer    | Entered a sewer
  2004 | Sewer    | Noticed a crocodile
  2020 | Sewer    | Killed a crocodile
  2332 | D:3      | Gained mutation: A demonic guardian rushes to your aid.
                  | [demonic ancestry]
  2332 | D:3      | Reached XP level 6. HP: 33/50 MP: 6/6
  2504 | D:3      | Noticed Natasha
  2511 | D:3      | Killed Natasha
  2515 | D:3      | Noticed Natasha
  2522 | D:3      | Killed Natasha
  2556 | D:3      | Noticed Natasha
  2569 | D:3      | Killed Natasha
  3307 | D:5      | Entered Level 5 of the Dungeon
  3319 | D:5      | Reached XP level 7. HP: 57/57 MP: 7/7
  3356 | D:5      | Noticed a two-headed ogre
  3406 | D:5      | Killed a two-headed ogre
  3406 | D:5      | Reached skill level 5 in Long Blades
  3406 | D:5      | Reached skill level 3 in Stealth
  3513 | D:5      | Reached skill level 4 in Stealth
  3513 | D:5      | Reached XP level 8. HP: 59/63 MP: 8/8
  3612 | D:5      | Noticed Menkaure
  3630 | D:5      | Killed Menkaure
  3631 | D:5      | Found a sparkling altar of Nemelex Xobeh.
  3825 | D:5      | Noticed Eustachio
  3836 | D:5      | Killed Eustachio
  4280 | D:5      | Found a runed translucent door.
  4281 | D:5      | Noticed Crazy Yiuf
  4292 | D:5      | Killed Crazy Yiuf
  4412 | D:6      | Found a staircase to the Ecumenical Temple.
  4507 | D:6      | Reached skill level 5 in Stealth
  4510 | D:6      | Reached skill level 1 in Short Blades
  4527 | Temple   | Entered the Ecumenical Temple
  4542 | Temple   | Became a worshipper of Dithmenos the Shadowed
  5405 | D:6      | Reached skill level 6 in Stealth
  5717 | D:6      | Reached XP level 9. HP: 61/72 MP: 9/9
  5788 | D:6      | Reached skill level 1 in Invocations
  6144 | D:7      | Noticed Joseph
  6157 | D:7      | Killed Joseph
  6157 | D:7      | Reached * piety under Dithmenos
  6157 | D:7      | Reached skill level 5 in Dodging
  6345 | D:7      | Noticed Pikel
  6362 | D:7      | Killed Pikel
  6362 | D:7      | Reached skill level 5 in Fighting
  6362 | D:7      | Reached skill level 7 in Stealth
  7015 | D:7      | Gained mutation: You have claws for feet. [demonic
                  | ancestry]
  7015 | D:7      | Reached XP level 10. HP: 64/81 MP: 13/13
  7290 | D:8      | Reached ** piety under Dithmenos
  7434 | D:8      | Identified the +9 hand axe "Ygeiriott" {elec, +Rage}
  7801 | D:8      | Found an iron altar of Okawaru.
  8328 | D:8      | Reached skill level 8 in Stealth
  8661 | D:8      | Reached skill level 5 in Invocations
  9113 | D:9      | Noticed Prince Ribbit
  9127 | D:9      | Killed Prince Ribbit
  9163 | D:9      | Found a staircase to the Lair.
  9295 | D:9      | Reached skill level 5 in Short Blades
  9493 | D:9      | Noticed a five-headed hydra
  9504 | D:9      | Killed a five-headed hydra
  9563 | D:9      | Noticed a two-headed ogre
  9576 | D:9      | Killed a two-headed ogre
  9576 | D:9      | Reached skill level 9 in Stealth
  9834 | D:10     | Entered Level 10 of the Dungeon
  9885 | D:10     | Reached XP level 11. HP: 77/89 MP: 15/15
  9898 | D:10     | Reached *** piety under Dithmenos
  9981 | D:10     | Found Vetz's Assorted Antiques.
  9986 | D:10     | Bought a scroll labeled ZAMOATA NEAR for 30 gold pieces
 10180 | D:10     | Noticed a deep elf knight
 10184 | D:10     | Noticed a wizard
 10184 | D:10     | Noticed an orc knight
 10184 | D:10     | Noticed a deep elf knight
 10184 | D:10     | Noticed a +6 long sword
 10185 | D:10     | Killed a deep elf knight
 10261 | D:10     | Killed a deep elf knight
 10272 | D:10     | Killed an orc knight
 10277 | D:10     | Killed a wizard
 10991 | D:11     | Reached **** piety under Dithmenos
 11013 | D:11     | Noticed a two-headed ogre
 11019 | D:11     | Killed a two-headed ogre
 11020 | D:11     | Noticed an eight-headed hydra
 11035 | D:11     | Killed an eight-headed hydra
 11139 | D:11     | Reached skill level 10 in Stealth
 11322 | D:11     | Noticed a two-headed ogre
 11334 | D:11     | Killed a two-headed ogre
 11500 | D:11     | Noticed a centaur warrior
 11503 | D:11     | Noticed a death knight
 11509 | D:11     | Killed a centaur warrior
 11509 | D:11     | Mutation became permanent: You are robust. (+10% HP)
                  | [demonic ancestry]
 11509 | D:11     | Gained mutation: You are robust. (+10% HP) [demonic
                  | ancestry]
 11509 | D:11     | Reached XP level 12. HP: 91/97 MP: 17/17
 11640 | D:11     | Killed a death knight
 11776 | D:11     | Noticed a centaur warrior
 11798 | D:11     | Killed a centaur warrior
 11810 | D:11     | Reached skill level 11 in Stealth
 12330 | D:11     | Found a sparkling altar of Nemelex Xobeh.
 12552 | D:12     | Found a roughly hewn altar of Beogh.
 12553 | D:12     | Found a staircase to the Orcish Mines.
 13091 | D:12     | Noticed Frances
 13100 | D:12     | Killed Frances
 13102 | D:12     | Noticed Sonja
 13118 | D:12     | Killed Sonja
 13328 | D:12     | Reached skill level 5 in Throwing
 13407 | D:12     | Noticed Nergalle
 13416 | D:12     | Killed Nergalle
 13533 | D:12     | Reached skill level 12 in Stealth
 13553 | D:12     | Identified a scroll of acquirement
 13866 | D:12     | Found Setes's Armour Shop.
 14409 | D:13     | Noticed a centaur warrior
 14413 | D:13     | Killed a centaur warrior
 14413 | D:13     | Gained mutation: You are partially covered in yellow
                  | scales. (AC +2) [demonic ancestry]
 14413 | D:13     | Reached XP level 13. HP: 92/105 MP: 14/19
 14786 | D:13     | HP: 5/105 [orc knight/+0 bardiche (19)]
 15277 | D:14     | Found a shattered altar of Ashenzari.
 15360 | D:14     | Got a dazzling ring mail
 15370 | D:14     | Identified the +4 ring mail of Supple Strength {rCorr
                  | Dex+2} (You found it on level 14 of the Dungeon)
 15637 | D:14     | Reached ***** piety under Dithmenos
 15683 | D:14     | Found a shadowy altar of Dithmenos.
 15828 | D:14     | Found a gate to the Vaults.
 15901 | D:14     | Found Kusumax's Assorted Antiques.
 16127 | D:15     | Entered Level 15 of the Dungeon
 16130 | D:15     | Cast into level 2 of the Abyss (a wizard)
 16152 | Abyss:2  | Noticed a starcursed mass
 16251 | Abyss:3  | Noticed a lich
 16285 | Abyss:3  | Killed a lich
 16285 | Abyss:3  | Reached skill level 13 in Stealth
 16301 | Abyss:3  | Reached skill level 10 in Short Blades
 16356 | Abyss:3  | Noticed a tentacled starspawn
 16364 | Abyss:3  | HP: 5/106 [hell hound/blast of flame (4)]
 16371 | Abyss:3  | Noticed a brown very ugly thing
 16371 | Abyss:3  | Noticed a brown very ugly thing
 16372 | Abyss:3  | Noticed a brown very ugly thing
 16375 | Abyss:3  | Killed from afar by a hell hound

Skill      XL: |  1  2  3  4  5  6  7  8  9 10 11 12 13 |
---------------+----------------------------------------+-----
Long Blades    | 3 4 5 6 |  6.2
Dodging        | 3 4 5 6 7 |  7.2
Stealth        | 1 2 4 6 7 9 10 12 13 | 13.0
Armour         | 1 2 3 4 |  4.9
Fighting       | 3 4 5 6 7 |  7.6
Short Blades   | 2 4 5 7 9 10 | 10.0
Invocations    | 4 6 7 9 |  9.8
Throwing       | 2 4 5 6 |  6.6
Evocations     | |  0.3

Action                   |  1- 3 |  4- 6 |  7- 9 | 10-12 | 13-15 || total
-------------------------+-------+-------+-------+-------+-------++-------
Melee: Long sword        |    67 |    97 |   156 |    85 |       ||   405
       Peck              |     7 |    24 |    52 |   126 |    54 ||   263
       Kick              |     4 |    33 |    90 |   205 |    91 ||   423
       Rapier            |       |       |    47 |   426 |   189 ||   662
       Dagger            |       |       |       |   105 |    34 ||   139
 Fire: Blowgun           |       |       |       |    27 |    49 ||    76
Invok: Shadow Step       |       |       |       |    14 |     3 ||    17
       Shadow Form       |       |       |       |       |     1 ||     1
Evoke: Wand              |       |       |     3 |    30 |     3 ||    36
       Phial of floods   |       |       |       |       |     1 ||     1
  Use: Scroll            |     8 |     4 |     7 |    16 |     1 ||    36
       Potion            |     5 |     2 |     2 |     7 |     2 ||    18
 Stab: Sleeping          |     2 |     3 |    17 |    57 |    13 ||    92
       Distracted        |       |     1 |     3 |     6 |     5 ||    15
       Invisible         |       |       |       |     5 |       ||     5
       Paralysed         |       |       |       |     2 |       ||     2
       Confused          |       |       |       |     2 |       ||     2
  Eat: Chunk             |     1 |     6 |     9 |    17 |     5 ||    38
       Ration            |       |       |     1 |     2 |       ||     3
Armor: Leather armour    |    20 |    14 |    66 |    36 |       ||   136
       Ring mail         |    26 |    18 |       |       |       ||    44
       Skin              |       |       |       |    72 |       ||    72
       Troll leather arm |       |       |       |    56 |       ||    56
       Steam dragon scal |       |       |       |    28 |    42 ||    70
Dodge: Dodged            |    74 |    85 |   176 |   549 |   243 ||  1127
       Rpst.: Long sword |    20 |    27 |    51 |    43 |       ||   141
